Unix NetHack Version 3.7.0-88 Work-in-progress - last build Aug 21 2023 04:08:40 (b68ccb3e4f8f5dcb83e1e40b1ff56e7dffd4cd28,branch:master). Game began 2023-09-01 21:46:42, ended 2023-09-04 21:24:33. OhNoNotAgain, chaotic male human Rogue ----- ###%############-...| # |...| # |.aa| # ...@| # |...| ###### |...| ` ## ----- #### -.----- ----.- |.....| |..^.| |.....| |.)..| |.....| |....| .......####.....| ------- |.<..| |..... ------ OhNoNotAgain the Cutpurse St:18/02 Dx:14 Co:13 In:11 Wi:11 Ch:8 Chaotic S:1448 Dlvl:6 $:52 HP:0(35) Pw:11(11) AC:2 Xp:5/258 T:4480 Latest messages: You sold an orcish dagger for 2 gold pieces. You drop a flail. Echourgnac offers 2 gold pieces for your flail. Sell it? [ynaq] (n) y You sold a flail for 2 gold pieces. You stop. Your housecat is in the way! You stop. Echourgnac is in the way! In what direction? j The door resists! In what direction? j The door closes. What do you want to use or apply? [loswCO or ?*] l In what direction? j Lock it? [ynq] (q) y You succeed in locking the door. You swap places with your housecat. You descend the stairs. You see here a pick-axe. e - a pick-axe. You hear some noises in the distance. The killer bee misses! In what direction? h You throw 2 daggers. The 1st dagger hits the killer bee. The 2nd dagger misses the killer bee. The killer bee stings! In what direction? h You throw 2 daggers. The 1st dagger misses the killer bee. The 2nd dagger misses the killer bee. The killer bee stings! You miss the killer bee. The killer bee just misses! The killer bee stings! You kill the killer bee! p - 4 +0 daggers (at the ready) (6 in total). You hear some noises in the distance. F - a pair of walking shoes. The killer bee stings! You hear some noises in the distance. The killer bee stings! The killer bee stings! The killer bee stings! The killer bee stings! The killer bee stings! The killer bee stings! The killer bee stings! The killer bee stings! The killer bee's sting was poisoned! You die... Do you want your possessions identified? [ynq] (y) q Inventory: Coins $ - 52 gold pieces Weapons p - 6 +0 daggers (at the ready) Q - a +0 dagger v - a cursed -1 dagger k - a cursed +0 elven dagger a - a blessed +0 short sword (weapon in hand) Armor z - an uncursed +0 orcish helm (being worn) u - an uncursed +1 pair of gauntlets of dexterity (being worn) b - an uncursed +0 pair of iron shoes (being worn) F - a cursed -1 pair of low boots d - a blessed +0 dwarvish cloak (being worn) c - a blessed +1 leather armor (being worn) Spellbooks C - an uncursed spellbook of cure blindness Potions B - an uncursed potion of blindness Wands o - a cursed wand of locking (0:7) Tools s - an uncursed sack containing 22 items O - an uncursed brass lantern l - an uncursed lock pick w - an uncursed magic whistle e - a +0 pick-axe Contents of the sack: 104 gold pieces a +0 silver arrow an uncursed +0 mummy wrapping an uncursed food ration an uncursed scroll of identify 2 uncursed scrolls of blank paper a cursed scroll of food detection a cursed scroll of create monster an uncursed potion of full healing an uncursed potion of water an uncursed potion of fruit juice an uncursed potion of blindness an uncursed potion of sickness an uncursed ring of poison resistance an uncursed ring of fire resistance an uncursed tin whistle an uncursed blindfold an uncursed towel an uncursed worthless piece of green glass 2 uncursed worthless pieces of red glass 2 uncursed worthless pieces of white glass an uncursed worthless piece of yellow glass OhNoNotAgain the Rogue's attributes: Background: You were a Cutpurse, a level 5 male human Rogue. You were chaotic, on a mission for Kos who was opposed by Issek (lawful) and Mog (neutral). You were in the Dungeons of Doom, on level 6. You entered the dungeon 4480 turns ago. You had 258 experience points, 62 more were needed to attain level 6. Your score was 1448 before end-of-game adjustments. Basics: You had 0 out of 35 hit points. You had all 11 energy points (spell power). Your armor class was 2. Your wallet contained 52 zorkmids, and you had 104 more stashed away in your pack. Autopickup was on for '$' plus thrown. Final Characteristics: Your strength was 18/02 (limit:18/100). Your dexterity was 14 (base:13, limit:18). Your constitution was 13 (limit:18). Your intelligence was 11 (limit:18). Your wisdom was 11 (limit:18). Your charisma was 8 (limit:18). Final Status: You were not hungry. You were unencumbered. You were wielding a short sword. You had basic skill with short sword. Final Attributes: You were piously aligned. You were stealthy. You were warded. You are dead. Miscellaneous: You never encountered a bones level. Total elapsed playing time was 1 hour, 42 minutes and 23 seconds. Major events: Turn 1: OhNoNotAgain the chaotic male human Rogue entered the dungeon 1132: attained the rank of Cutpurse (level 3) 4480: killed by a killer bee Vanquished creatures: a wood nymph a Mordor orc a yellow light a kobold mummy a paper golem 4 giant ants 2 floating eyes a dwarf a kobold leader a giant bat a monkey 2 dwarf zombies a wererat a werejackal 2 iguanas a killer bee an acid blob 2 coyotes 3 hobbits a hobgoblin a giant rat 2 cave spiders a green mold a red mold 2 gnomes a gnome zombie 7 geckos 8 jackals 2 foxes a kobold 2 goblins 4 sewer rats 5 grid bugs a bat 4 lichens 2 kobold zombies 3 newts 76 creatures vanquished. No species were genocided or became extinct. Voluntary challenges: You read items or engraved 8 times. You engraved Elbereth 2 times. You never genocided any monsters. You never polymorphed an object. You never changed form. You used no wishes. Achievements: You entered a shop. You attained the rank of Cutpurse. The Dungeons of Doom: levels 1 to 6 Level 1: Level 2: A general store, a fountain. Level 3: A fountain. Level 4: Level 5: A weapon shop, many fountains, a grave. Level 6: <- You were here. Final resting place for you, killed by a killer bee. Game over: ---------- / \ / REST \ / IN \ / PEACE \ / \ | OhNoNotAgain | | 156 Au | | killed by a | | killer bee | | | | | | 2023 | *| * * * | * _________)/\\_//(\/(/\)/\//\/|_)_______ Goodbye OhNoNotAgain the Rogue... You died in The Dungeons of Doom on dungeon level 6 with 1433 points, and 156 pieces of gold, after 4480 moves. You were level 5 with a maximum of 35 hit points when you died.